 Dungeon Crawl Stone Soup version 0.27-a0-263-gc8dee61f84 (webtiles) character file.

Game seed: 17791601343247213967

481 runemasterragnar the Insei (level 7, -2/45 HPs)
             Began as an Octopode Transmuter on Feb 5, 2021.
             Slain by an ufetubus (3 damage)
             ... on level 5 of the Dungeon.
             The game lasted 00:08:23 (4576 turns).

runemasterragnar the Insei (Octopode Transmuter)    Turns: 4576, Time: 00:08:23

Health: -2/45      AC:  1    Str:  8 (9)  XL:     7   Next: 12%
Magic:  11/11      EV: 14    Int: 17 (18) God:
Gold:   223        SH:  0    Dex: 12 (14) Spells: 3/12 levels left

rFire    . . .     SeeInvis .     - Unarmed
rCold    . . .     Faith    .   (no shield)
rNeg     + . .     Spirit   .   (helmet restricted)
rPois    .         Reflect  .   (no amulet)
rElec    .         Harm     .   n - ring of positive energy
rCorr    .         Rampage  .   b - ring of flight
Will     .....                  (no ring)
Stlth    +++.......             (no ring)
HPRegen  0.15/turn              (no ring)
MPRegen  0.12/turn              (no ring)
                                (no ring)
                                (no ring)

@: no status effects
A: almost no armour, stealthy swim, amphibious, 8 rings, constrict 8, camouflage
1, agile 1, blink, sense surroundings 1, wild magic 1, gelatinous body 1
a: Blink, Evoke Flight


You were on level 5 of the Dungeon.
You visited 1 branch of the dungeon, and saw 5 of its levels.
You also visited: Ossuary.

You collected 223 gold pieces.

Inventory:

Missiles
 e - 5 curare-tipped darts
 o - 26 poisoned darts
 q - 99 stones
Jewellery
 b - a ring of flight (right tentacle)
 n - a ring of positive energy (left tentacle)
Scrolls
 c - a scroll of blinking {unknown}
 d - 3 scrolls of remove curse
 g - 4 scrolls of fog {unknown}
 j - a scroll of enchant weapon {unknown}
 k - 2 scrolls of silence {unknown}
 m - 2 scrolls of magic mapping
 p - a scroll of fear {unknown}
Potions
 a - a potion of resistance
 f - 4 potions of brilliance
 h - 3 potions of magic
 i - 2 potions of flight
 r - a potion of ambrosia
 s - a potion of degeneration


   Skills:
 + Level 2.4 Fighting
 + Level 3.2 Dodging
 + Level 3.3 Stealth
 * Level 4.7 Unarmed Combat
 + Level 3.0 Spellcasting
 * Level 4.0 Transmutations


You had 3 spell levels left.
You knew the following spells:

 Your Spells              Type           Power        Failure   Level
a - Beastly Appendage     Tmut           42%          5%          1
b - Spider Form           Tmut/Pois      6%           30%         3
c - Blade Hands           Tmut           10%          75%         5

Your spell library contained the following spells:

 Spells                   Type           Power        Failure   Level
 Wereblood                Tmut           21%          8%          2
 Ice Form                 Ice/Tmut       12%          67%         4


Dungeon Overview and Level Annotations

Branches:
Dungeon (5/15)             Temple (0/1) D:5         Ossuary (visited)

Altars:

Shops:
D:4 !


Innate Abilities, Weirdness & Mutations

You cannot wear most types of armour.
You are very stealthy in the water. (Stealth+)
You are amphibious.
You can wear up to eight rings at the same time.
You can use your tentacles to constrict eight enemies at once.
Your skin changes colour to match your surroundings (Stealth+).
Your rubbery body absorbs attacks. (AC +1, EV +1)
You are agile. (Dex +2)
You can translocate small distances at will.
You passively map a small area around you.
Your spells are a little harder to cast, but a little more powerful.


Message History

Your surroundings suddenly seem different.
Found a scroll of remove curse and a scroll labelled PILOOLE SYKHLOSCH.
An ufetubus comes into view.
Your tentacle spike disappears.
The helpless ufetubus fails to defend itself.
You tentacle-slap the ufetubus. Your grab misses the ufetubus.
The ufetubus is heavily wounded.
The ufetubus hits you.
* * * LOW HITPOINT WARNING * * *
The ufetubus misses you.
You tentacle-slap the ufetubus but do no damage.
Your grab misses the ufetubus.
The ufetubus is heavily wounded.
The ufetubus hits you.
* * * LOW HITPOINT WARNING * * *
The ufetubus barely misses you.
You miss the ufetubus. Your grab misses the ufetubus.
The ufetubus is heavily wounded.
The ufetubus hits you.
You die...

** *,**.##.# ,
, *, ,...,
***#####.#####
#.........#
#......?..#
#.........# **
** #......?..#
, ,
#.........# ,
, ,
#..@......# ,
* #...5.....#
, #.........#
* #.........#
** ####.######
* .. *#.# * .#
,


You could see an ufetubus.

Vanquished Creatures
  An ice beast (D:3)
  An elf zombie (Ossuary)
  A howler monkey (D:4)
  A human zombie (Ossuary)
  2 big kobold zombies (Ossuary)
  2 hound zombies (Ossuary)
  4 mummies
  Robin (D:3)
  5 adders
  An ooze (D:2)
  3 worms
  A dart slug (D:3)
  3 leopard geckos
  7 orcs
  A ball python (D:3)
  8 bats
  12 goblins
  3 hobgoblins
  3 jackals (D:1)
  A quokka (D:3)
  2 frilled lizards (D:1)
  2 goblin zombies (Ossuary)
  A hobgoblin zombie (Ossuary)
  4 kobolds
  5 kobold zombies
  2 rats
77 creatures vanquished.

Notes
Turn   | Place    | Note
-------+----------+-------------------------------------------
     0 | D:1      | runemasterragnar the Octopode Transmuter began the quest
                  | for the Orb.
     0 | D:1      | Reached XP level 1. HP: 13/13 MP: 3/3
   391 | D:1      | Reached XP level 2. HP: 16/18 MP: 3/5
   929 | D:2      | Reached skill level 1 in Stealth
   929 | D:2      | Reached XP level 3. HP: 16/23 MP: 4/6
  1779 | D:3      | Reached XP level 4. HP: 18/28 MP: 7/7
  1805 | D:3      | Learned a level 3 spell: Spider Form
  2089 | D:3      | Noticed an ice beast
  2101 | D:3      | Gained mutation: You are partially covered in yellow
                  | scales. (AC +2) [potion of mutation]
  2101 | D:3      | Gained mutation: You are dopey. (Int -2) [potion of
                  | mutation]
  2101 | D:3      | Gained mutation: One of your tentacles bears a spike.
                  | [potion of mutation]
  2102 | D:3      | Lost mutation: One of your tentacles bears a spike. [potion
                  | of mutation]
  2102 | D:3      | Lost mutation: You are partially covered in yellow scales.
                  | (AC +2) [potion of mutation]
  2102 | D:3      | Gained mutation: You are frail. (-10% HP) [potion of
                  | mutation]
  2102 | D:3      | Gained mutation: You passively map a small area around you.
                  | [potion of mutation]
  2103 | D:3      | Lost mutation: You are frail. (-10% HP) [potion of
                  | mutation]
  2103 | D:3      | Lost mutation: You are dopey. (Int -2) [potion of mutation]
  2103 | D:3      | Gained mutation: You can translocate small distances at
                  | will. [potion of mutation]
  2103 | D:3      | Gained mutation: You are agile. (Dex +2) [potion of
                  | mutation]
  2103 | D:3      | Gained mutation: Your spells are a little harder to cast,
                  | but a little more powerful. [potion of mutation]
  2115 | D:3      | Killed an ice beast
  2116 | D:3      | Reached XP level 5. HP: 34/34 MP: 6/8
  2726 | D:3      | Noticed Robin
  2743 | D:3      | Killed Robin
  3552 | D:4      | Found Vuorcheo's Distillery.
  3615 | D:4      | Found a sand-covered staircase.
  3628 | D:4      | Reached XP level 6. HP: 32/39 MP: 4/10
  3684 | Ossuary  | Entered an ossuary
  4237 | Ossuary  | Reached XP level 7. HP: 21/45 MP: 9/11
  4421 | Ossuary  | Learned a level 5 spell: Blade Hands
  4563 | D:5      | Entered Level 5 of the Dungeon
  4563 | D:5      | Found a staircase to the Ecumenical Temple.
  4575 | D:5      | HP: 1/45 [ufetubus (5)]
  4576 | D:5      | Slain by an ufetubus

Illustrated notes

Levels and vault maps discovered:
D:1:      minmay_arrival_jagged, layout_basic
D:2:      layout_loops_ring
D:3:      layout_basic, uniq_robin
D:4:      layout_layer_cave, serial_shops, shop,
          nicolae_shop_temple_entry_statues_fountains, shop, shop,
          nicolae_ossuary_entry_giza, uniq_eustachio, uniq_purgy
D:5:      layout_loops_cross, kennysheep_slug_shrine, minmay_temple_entry_arrows

Skill      XL: |  1  2  3  4  5  6  7 |
---------------+----------------------+-----
Stealth        | 1 2 3 |  3.3
Unarmed Combat | 4 |  4.7
Transmutations | 3 4 |  4.0
Fighting       | 2 |  2.4
Dodging        | 3 |  3.2
Spellcasting   | 3 |  3.0

Action                   |  1- 3 |  4- 6 |  7- 9 || total
-------------------------+-------+-------+-------++-------
Melee: Unarmed           |    57 |   177 |    21 ||   255
       Constrict         |    18 |    25 |     2 ||    45
       Kick              |     9 |     8 |     7 ||    24
       Tentacles         |    11 |    13 |     2 ||    26
       Punch             |     2 |     1 |     1 ||     4
 Cast: Beastly Appendage |     9 |     9 |     2 ||    20
       Spider Form       |       |     9 |       ||     9
  Use: Scroll            |       |    10 |     2 ||    12
       Potion            |       |     9 |     1 ||    10
 Stab: Sleeping          |     2 |     2 |     1 ||     5
Armor: Skin              |     7 |    20 |     4 ||    31
Dodge: Dodged            |    42 |   108 |    40 ||   190

Table legend: (Time is in decaauts)
 A = Elapsed time spent in this place.
 B = Non-inter-level travel time spent in this place.
 C = Inter-level travel time spent in this place.
 D = Time resting spent in this place.
 E = Time spent auto-exploring this place.
 F = Levels seen in this place.
 G = Mean time per level.
                   A        B        C        D        E       F      G
               +--------+--------+--------+--------+--------+-----+--------+
         Total |   4564 |   4457 |    107 |    751 |   2874 |   6 |  760.7 |
       Dungeon |   3831 |   3724 |    107 |    557 |   2609 |   5 |  766.2 |
       Ossuary |    733 |    733 |      0 |    194 |    265 |   1 |  733.0 |
               +--------+--------+--------+--------+--------+-----+--------+

Top non-repeatable levels by time:
     D:3: 1803 daAuts
     D:1: 874 daAuts
     D:2: 867 daAuts
 Ossuary: 733 daAuts
     D:4: 274 daAuts
     D:5: 12 daAuts
